Unix xNetHack Version 8.0.0 - last build Mar 23 2024 02:42:02 (1964348d4f5f1cf1067ea9968e02252fcc83c468). Game began 2024-03-29 10:12:57, ended 2024-03-30 09:03:52. DeVoid, chaotic male human Rogue ---- --- --..-- -- -- --.--- |....| ------ --.------ --.--....-- |-...| |....--- |.......| |.......a.| |....--- |......| ------ --.|..|.---- |.........-- |......| #-....-.---..|.-- ----.|....---- -........-- --.....| -.........))....| |.|---.^..- --- ------r......| ----...#| |.......----....(| |.| --....| |..---....@....|..| |..).|..--#-# |......-- |......------.------...| -.....-----..---.--- |.-----.....| |..--..| |..............|.-- -.-- --....| ---- |...-- |[---------.---.--|.-- -----.............| -- ---..| ---..-- |...|..---|......--.| --.....0.....-- |..-- |...| |........----.---...---- |...........| --|...| ---- ---.| --.........| |.| |......-- ---..........-- --.|.|.|--|..| |.| |...--.--..|--.---.......| -......--...-| |....|)|.--..--- |.---|)---------|............-- |...--..||0...----- -- |.[..))........| |....|.| |...........-- |...|------....--.--.-- ---...>[.......| ----..)| ---..--......| --..| --............| --.....^....-- |..-- |..|---.|.-- ---- |............-- ---.--.--.-- ---- ---- ----- --.|.--.--.--- --------- ----------- DeVoid the Rogue St:14 Dx:18 Co:16 In:9 Wi:10 Ch:10 Chaotic S:7567 Dlvl:4 $:44 HP:0(44) Pw:38(38) AC:0 Xp:8/1698 T:9363 Burdened Latest messages: You see here 10 rocks. There are many objects here. You see here a red-eyed shield. There is a staircase up to level 4 here. You see here a dart. You see here a red-eyed shield. There is a staircase up to level 4 here. You see here a dart. You climb up the stairs. There is a staircase down to level 5 here. You see here an uncursed +0 dwarvish ring mail. Restoring save file... Hello DeVoid, the human Rogue, welcome back to xNetHack! E - an uncursed +0 dwarvish ring mail {240}. What do you want to drop? [$abikoqrzCE or ?*] E You drop an uncursed +0 dwarvish ring mail {240}. You see here a dart. You see here an uncursed sack containing 47 items. c - a +0 short sword {30}. You have a little trouble lifting an uncursed sack containing 46 items. Continue? [ynq] (q) y You have a little trouble lifting t - an uncursed sack containing 46 items {550}. Your movements are slowed slightly because of your load. What do you want to wield? [- c or ?*] c c - a +0 short sword (weapon in hand) {30}. Where do you want to travel to? (For instructions type a '?') Where do you want to travel to? (For instructions type a '?') You miss the giant beetle. The giant beetle misses! You hit the giant beetle! The giant beetle bites! You gore the giant beetle. You gore the giant beetle. The giant beetle bites! You gore the giant beetle! The giant beetle turns to flee. You pierce the giant beetle. You miss the rabid rat. The rabid rat bites! You jab the rabid rat! The rabid rat bites! The rabid rat bites! You gore the rabid rat. The rabid rat misses! You jab the rabid rat. The rabid rat misses! You miss the rabid rat. The rabid rat bites! The rabid rat bites! You die... Do you want your possessions identified? [ynq] (y) q Inventory: Inventory: 987/800 weight (11/52 slots) Coins $ - 44 gold pieces {1} Weapons c - a +0 short sword (weapon in hand) {30} Armor a - an uncursed +0 pair of leather gloves (being worn) {8} C - an uncursed +0 pair of dwarvish boots (being worn) {38} o - an uncursed +0 plate mail (being worn) {338} Wands z - a wand of light (0:11) {7} b - a wand of light (0:8) {7} Tools t - an uncursed sack containing 46 items {550} r - an uncursed blindfold {2} i - an uncursed silver magic whistle {3} k - an uncursed glass skeleton key {2} q - an uncursed towel {2} Contents of the sack: 411 gold pieces 3 blessed +0 glass daggers named Dungeon Shiv a cursed -1 bone helm of opposite alignment an uncursed +0 dwarvish cloak an uncursed +0 dwarvish cloak an uncursed +0 dwarvish cloak an uncursed +0 leather Hawaiian shirt with a tropical fish motif an uncursed cream pie a cursed food ration 5 uncursed food rations a cursed tripe ration a cursed tin of shrieker an uncursed egg an uncursed lichen corpse an uncursed scroll of light a blessed scroll of magic mapping an uncursed scroll of water a cursed scroll of water a blessed scroll of genocide an uncursed scroll of stinking cloud 2 uncursed scrolls of create monster 2 uncursed scrolls of identify 2 uncursed scrolls of remove curse a blessed scroll of teleportation an uncursed scroll of teleportation an uncursed novel named Sourcery a cursed potion of enlightenment an uncursed potion of fruit juice a cursed potion of gain energy a cursed potion of healing a blessed potion of levitation a cursed potion of restore ability an uncursed potion of sickness an uncursed potion of sleeping an uncursed potion of water an uncursed wooden figurine of a pyrolisk 3 uncursed worthless pieces of black glass 2 uncursed worthless pieces of blue glass an uncursed turquoise stone an uncursed worthless piece of green glass an uncursed worthless piece of orange glass an uncursed agate stone 2 uncursed worthless pieces of red glass an uncursed worthless piece of violet glass 2 uncursed worthless pieces of white glass an uncursed worthless piece of yellowish brown glass DeVoid the Rogue's attributes: Background: You were a Rogue, level 8 male human. You were chaotic, on a mission for Kos who was opposed by Issek (lawful) and Mog (neutral). You were heterosexual. You were in the Gnomish Mines, on level 4. You entered the dungeon 9363 turns ago. You had 1698 experience points, 862 more were needed to attain level 9. Your score was 7567 before end-of-game adjustments. Basics: You had 0 out of 44 hit points. You had all 38 energy points (spell power). Your armor class was 0. Your wallet contained 44 zorkmids, and you had 411 more stashed away in your pack. Autopickup was off. Final Characteristics: Your strength was 14 (limit:18/100). Your dexterity was 18 (limit:18). Your constitution was 16 (limit:18). Your intelligence was 9 (limit:18). Your wisdom was 10 (limit:18). Your charisma was 10 (limit:18). Final Status: You were not hungry. You were burdened; movement was slightly slowed. You were wielding a short sword. You had basic skill with short sword. Final Attributes: You were piously aligned. You were stealthy. You were guarded. You are dead. Miscellaneous: You never encountered a bones level. Total elapsed playing time was 6 hours, 24 minutes and 26 seconds. Major events: Turn 1: DeVoid the chaotic male human Rogue entered the dungeon 1227: entered the Gnomish Mines 1242: attained the rank of Cutpurse (level 3) 2725: attained the rank of Rogue (level 6) 3832: read a Discworld novel 8542: reached Mine Town 9363: killed by a rabid rat Vanquished creatures: 8 orc-captains a large dog a quivering blob 4 leprechauns a jaguar a snake a Mordor orc 4 Uruk-hai 6 orc shamans a rock piercer 3 ponies a fog cloud 2 shriekers 3 gnome leaders a giant ant a floating eye 2 kittens 7 dwarves 22 hill orcs 2 rothes 4 iguanas 2 killer bees 2 acid blobs 2 coyotes 3 hobbits a manes a large kobold a hobgoblin a giant rat a cave spider a brown mold a yellow mold 32 gnomes 4 geckos 6 jackals 2 foxes 2 kobolds 5 goblins a sewer rat 5 lichens 2 kobold zombies 9 newts 160 creatures vanquished. No species were genocided or became extinct. Voluntary challenges: You read items or engraved 7 times. You never genocided any monsters. You never polymorphed an object. You never changed form. You never touched an artifact. You used no wishes. You never scared an enemy with impunity. You were celibate. You never generated conflict. Achievements: You entered the Gnomish Mines. You attained the rank of Cutpurse. You attained the rank of Rogue. You entered a shop. You read from a Discworld novel. You entered Minetown. Dungeon overview: The Dungeons of Doom: levels 1 to 5 Level 1: Level 2: A tree. Stairs down to The Gnomish Mines. Level 3: A scroll shop, a sink. Level 4: A fountain. Level 5: A sink. The Gnomish Mines: levels 3 to 7 Level 3: Level 4: <- You were here. Final resting place for you, killed by a rabid rat. Level 5: A lighting shop, some fountains. Level 6: Level 7: Game over: __________ / \ / REST \ / IN \ / PEACE \ / \ | DeVoid | | 455 Au | | killed by a | | rabid rat | | | | | | 2024 | *| * * * | * _________)/\\_//(\/(/\)/\//\/|_)_______ Goodbye DeVoid the Rogue... You died in The Gnomish Mines on dungeon level 4 with 7522 points, and 455 pieces of gold, after 9363 moves. You were level 8 with a maximum of 44 hit points when you died.